 Dungeon Crawl Stone Soup version 0.18.1-48-g4cf74bf (webtiles) character file.

57 ovvc the Sneak (level 3, -3/16 HPs)
             Began as a Spriggan Enchanter on June 25, 2016.
             Killed by divine providence
             ... invoked by an orc priest
              (14 damage)
             ... on level 3 of the Dungeon.
             The game lasted 00:07:27 (1949 turns).

ovvc the Sneak (Spriggan Enchanter)                 Turns: 1949, Time: 00:07:27

Health: -3/16      AC:  4    Str:  4    XL:     3   Next: 73%
Magic:  2/9        EV: 18    Int: 17    God:
Gold:   64         SH:  0    Dex: 19    Spells: 4 memorised, 1 level left

rFire  . . .     SeeInvis +     a - +1 dagger
rCold  . . .     Gourm    .     b - +1 robe
rNeg   . . .     Faith    .     (shield restricted)
rPois  .         Spirit   .     (helmet restricted)
rElec  .         Dismiss  .     q - +0 cloak
rCorr  .         Reflect  .     (gloves unavailable)
SustAt .         Harm     .     (boots unavailable)
MR     .....                    (no amulet)
Stlth  ++++......               (no ring)
                                m - +3 ring of dexterity

@: very slightly contaminated, very quick, not resistant to hostile
enchantments, stealthy
A: unfitting armour, see invisible, herbivore 3, speed 3, slow metabolism 2
a: no special abilities


You were on level 3 of the Dungeon.
You were not hungry.

You visited 1 branch of the dungeon, and saw 3 of its levels.

You collected 64 gold pieces.

Inventory:

Hand Weapons
 a - a +1 dagger (weapon)
Armour
 b - a +1 robe (worn)
 k - a +1 buckler
 q - a +0 cloak (worn)
Jewellery
 m - a +3 ring of dexterity (left hand)
Wands
 f - a wand of slowing (29/48)
Scrolls
 e - a scroll of remove curse
 n - a scroll of random uselessness {unknown}
 r - 2 scrolls of fog {unknown}
 s - a scroll of enchant armour
 t - a scroll of amnesia {unknown}
Potions
 g - 2 potions of heal wounds {unknown}
 h - 3 potions of berserk rage {unknown}
 i - a potion of haste {unknown}
 j - a potion of cure mutation {unknown}
 l - a potion of ambrosia {unknown}
 p - a potion of agility {unknown}
Books
 c - a book of Maledictions

   Spells                             Type                      Level
   a - Corona                         Hexes                        1
   b - Ensorcelled Hibernation        Hexes/Ice                    2
   c - Confuse                        Hexes                        3
   d - Tukima's Dance                 Hexes                        3
   e - Dazzling Spray                 Conjuration/Hexes            3
Comestibles
 d - 3 bread rations
 o - 5 fruits
 u - a royal jelly


   Skills:
 - Level 1.1 Short Blades
 - Level 3.0 Dodging
 + Level 5.4 Stealth
 + Level 4.0 Spellcasting
 + Level 4.1 Hexes


You had one spell level left.
You knew the following spells:

 Your Spells              Type           Power        Failure   Level  Hunger
a - Corona                Hex            ###....      2%          1    None
b - Ensorcelled Hibernat  Hex/Ice        ##....       12%         2    ##.....
c - Confuse               Hex            ###.....     10%         3    ###....
d - Dazzling Spray        Conj/Hex       ##....       21%         3    ###....


Dungeon Overview and Level Annotations

Branches:
Dungeon (3/15)

Altars:
Zin


Innate Abilities, Weirdness & Mutations

You are tiny and cannot use many weapons and most armour.
You have supernaturally acute eyesight.
You are a herbivore.
You cover ground extremely quickly.
You need consume almost no food.


Message History

Your skin tingles.
The orc wizard shouts!
The orc priest hits you with a club.
Casting: Dazzling Spray
Confirm with . or Enter, or press ? or * to list all spells.
Aiming: Dazzling Spray
Press: ? - help, Shift-Dir - straight line, f/p - orc priest
Aim: an orc priest, wielding a club and wearing a ring mail The spray of energy hits the orc priest.
The orc priest is severely wounded.
The spray of energy hits the orc.
The orc is almost dead.
The orc is dazzled.
The spray of energy hits the orc wizard.
The orc wizard is lightly wounded.
The orc wizard is dazzled.
The orc priest mumbles some strange prayers to Beogh against you.
Beogh smites you!
Ouch! That really hurt!
You die...

.>...##.... .........
.........##... #.#.#....
..........#..###.#.#....
....=.....#...##...####.
...................####.
........$.#.............
......>...#.........#...
#......!................
.....oo@$.#†..##......#.
..........#...##........
....o.....#...##.....#..
....o.....##............
...o.......(.###........
#>.........###..........
##.............##.......
##.<.....##### #.......
.....#######.......


You could see an orc priest, an orc wizard (blind) and 3 orcs.

Vanquished Creatures
  An adder (D:3)
  2 dart slugs (D:1)
  An orc (D:3)
  8 bats
  2 giant cockroaches
  4 goblins
  5 hobgoblins
  2 jackals (D:1)
  7 kobolds
  2 giant newts
  6 rats
40 creatures vanquished.

Notes
Turn   | Place    | Note
--------------------------------------------------------------
     0 | D:1      | ovvc the Spriggan Enchanter began the quest for the Orb.
     0 | D:1      | Reached XP level 1. HP: 9/9 MP: 5/5
   350 | D:1      | Reached XP level 2. HP: 3/13 MP: 4/7
   374 | D:1      | Learned a level 2 spell: Ensorcelled Hibernation
   805 | D:1      | Reached skill level 5 in Stealth
  1056 | D:1      | Reached XP level 3. HP: 16/16 MP: 1/9
  1061 | D:1      | Learned a level 3 spell: Confuse
  1689 | D:2      | Learned a level 3 spell: Dazzling Spray
  1775 | D:3      | Found a glowing silver altar of Zin.
  1949 | D:3      | Killed from afar by an orc priest

Skill      XL: |  1  2  3 |
---------------+----------+-----
Spellcasting   | 3 4 |  4.0
Stealth        | 5 |  5.4
Hexes          | 4 |  4.1
Short Blades   | |  1.1
Dodging        | |  3.0

Action                   || total
-------------------------++-------
Melee: Dagger            ||   114
 Cast: Corona            ||     6
       Ensorcelled Hiber ||    18
       Confuse           ||     1
       Dazzling Spray    ||     1
  Use: Scroll            ||     5
 Stab: Sleeping          ||    29
Armor: Robe              ||    19
Dodge: Dodged            ||    99
